 Dungeon Crawl Stone Soup version 0.28-a0-8-g6e044cfa68 (webtiles) character file.

Game seed: 8860890460861345644

7835 backslashecho the Cleaver (level 11, -12/145 HPs)
             Began as a Black Draconian Berserker on July 16, 2021.
             Was an Elder of Trog.
             Mangled by a polar bear (19 damage)
             ... in an ice cave on July 24, 2021.
             The game lasted 00:33:56 (13967 turns).

backslashecho the Cleaver (DrBe)                   Turns: 13967, Time: 00:33:57

Health: -12/145    AC: 12    Str: 23    XL:     11   Next: 2%
Magic:  11/11      EV: 11    Int:  8    God:    Trog [****..]
Gold:   521        SH:  8    Dex: 10    Spells: 10/10 levels left

rFire   . . .      SeeInvis .   k - +0 war axe
rCold   . . .      Faith    .   G - +0 kite shield
rNeg    . . .      Spirit   .   (armour unavailable)
rPois   .          Reflect  .   (helmet restricted)
rElec   +          Harm     .   x - scarf {shadows}
rCorr   .          Rampage  .   g - +2 pair of gloves
Will    .....                   l - +1 pair of boots
Stlth   ..........              (no amulet)
HPRegen 0.34/turn               z - ring of Shadows {Umbra +Inv Stlth+}
MPRegen 0.12/turn               E - +4 ring of slaying

@: berserking, wreathed by umbra, very quick
A: breathe lightning, AC +7, unfitting armour, electricity resistance,
cold-blooded
a: Breathe Lightning, Renounce Religion, Evoke Invisibility, Berserk, Trog's
Hand, Brothers in Arms


You were in an ice cave.
You worshipped Trog.
Trog was greatly pleased with you.
You visited 2 branches of the dungeon, and saw 11 of its levels.
You also visited: Ice Cave.

You collected 792 gold pieces.
You spent 271 gold pieces at shops.

Inventory:

Hand Weapons
 a - a +0 hand axe
 k - a +0 war axe (weapon)
Missiles
 F - a throwing net (quivered)
Armour
 g - a +2 pair of gloves (worn)
 l - a +1 pair of boots (worn)
 x - a scarf of shadows (worn)
 G - a +0 kite shield (worn)
Jewellery
 z - the ring of Shadows (left hand) {Umbra +Inv Stlth+}
   (You found it on level 8 of the Dungeon)

   [ring of stealth]

   It surrounds you with an aura of shadow, increasing your stealth and reducing
   the accuracy of all within it (including the wearer).
   +Inv:      It lets you turn invisible.
   Stlth:     It makes you more stealthy.
 B - a ring of willpower
 C - a +6 ring of strength
 D - a ring of flight
 E - a +4 ring of slaying (right hand)
Wands
 f - a wand of digging (7)
 m - a wand of acid (6)
 s - a wand of flame (10)
 u - a wand of charming (2)
Scrolls
 b - 4 scrolls of teleportation
 d - 2 scrolls of amnesia
 h - 3 scrolls of identify
 i - a scroll of fog
 j - 2 scrolls of magic mapping
 o - a scroll of immolation {unknown}
 t - a scroll of brand weapon {unknown}
 v - 2 scrolls of enchant armour {unknown}
 H - a scroll of enchant weapon {unknown}
Potions
 c - 2 potions of curing
 e - a potion of might
 n - a potion of heal wounds
 p - 3 potions of attraction {unknown}
 q - a potion of haste {unknown}
 r - a potion of ambrosia {unknown}
 w - 2 potions of resistance
 A - a potion of flight {unknown}
Miscellaneous
 y - a box of beasts


   Skills:
 - Level 9.0 Fighting
 + Level 12.2 Axes
 - Level 8.0 Dodging
 - Level 3.2 Stealth
 + Level 0.8 Shields
 - Level 1.0 Unarmed Combat
 - Level 2.0 Evocations


You had 10 spell levels left.
You didn't know any spells.
Your spell library was empty.

Dungeon Overview and Level Annotations

Branches:
Dungeon (10/15)            Temple (0/1) D:7            Lair (1/6) D:9
  IceCv (1/1)
    Orc: D:9-12

Altars:
Ashenzari
Cheibriados
Fedhas
Hepliaklqana
Kikubaaqudgha
Sif Muna

Shops:
D:2 ?[*!   D:4 ((   D:6 *


Innate Abilities, Weirdness & Mutations

You can breathe wild blasts of lightning.
Your glossy black scales are hard. (AC +7)
You cannot fit into any form of body armour.
You are resistant to electric shocks. (rElec)
You are cold-blooded and may be slowed by cold attacks.


Message History

The polar bear completely misses you.
You take 5 damage, and have 61/97 hp.
You closely miss the polar bear.
The polar bear is severely wounded.
The polar bear bites you! The polar bear claws you.
You block the polar bear's attack.
You take 10 damage, and have 51/97 hp.
You closely miss the polar bear.
The polar bear is severely wounded.
The polar bear bites you!!
The polar bear claws you but does no damage. x2
The polar bear barely misses you. The polar bear misses you.
The polar bear claws you.
* * * LOW HITPOINT WARNING * * *
You take 27 damage, and have 24/97 hp.
MASSIVE DAMAGE!!
You are too injured to fight recklessly!
You are too injured to fight recklessly!
You are too injured to fight recklessly!
You slash the polar bear!
The polar bear is almost dead.
The polar bear barely misses you.
The polar bear claws you but does no damage.
You block the polar bear's attack. The polar bear bites you!!
* * * LOW HITPOINT WARNING * * *
The polar bear barely misses you.
The polar bear claws you but does no damage.
You take 19 damage, and have 5/97 hp.
You closely miss the polar bear.
The polar bear is almost dead.
The polar bear misses you.
The polar bear claws you but does no damage.
You block the polar bear's attack.
The polar bear bites you but does no damage.
The polar bear claws you but does no damage.
The polar bear claws you.
* * * LOW HITPOINT WARNING * * *
You take 1 damage, and have 4/97 hp.
A red film seems to cover your vision as you go berserk!
You feel yourself moving faster!
You feel mighty! The polar bear bites you!!
You die...

#### ####
#####..# ##..##
#####......##
#.∩..#
#....@...#..##
#....#
#....h.#####..#
##.∩.. #....###
##.## ##...#
#.### #..#
#..### # ##.#
#..# #.###.##
#..##..#
##.###.#
##.##.##


You could see a polar bear (berserk).

Vanquished Creatures
  A two-headed ogre (D:9)
  5 centaur zombies
  A polar bear (IceCv)
  2 wyverns
  3 yaks (IceCv)
  A steam dragon (D:4)
  4 vampire mosquitoes (D:6)
  3 wargs (D:9)
  7 water moccasins
  2 ice beasts
  3 orc warriors
  A sky beast (D:6)
  2 black bears
  A necrophage (D:5)
  2 wolves
  3 ogres
  5 centaurs
  3 kobold brigands (D:8)
  4 bullfrogs
  A scorpion (D:4)
  A wyvern zombie (D:8)
  A gnoll sergeant (D:9)
  A water moccasin zombie (D:6)
  12 killer bees
  3 howler monkeys
  A hound (D:6)
  3 orc priests
  2 jellies
  A centaur skeleton (D:5)
  A gnoll shaman (D:7)
  Natasha (thrice) (D:2)
  Terence (D:3)
  3 iguanas
  15 orc wizards
  An ogre zombie (D:7)
  A hound skeleton (D:5)
  9 adders
  13 gnolls
  A gnoll zombie (D:7)
  A shadow imp (D:5)
  2 white imps
  An ufetubus (D:3)
  2 adder skeletons (D:4)
  A dart slug (D:1)
  31 orcs
  7 ball pythons
  5 endoplasms
  6 giant cockroaches
  3 hobgoblins
  19 kobolds
  4 quokkas
  4 bats
  A frilled lizard (D:1)
  6 goblins
  A goblin zombie (D:5)
  A quokka zombie (D:5)
  4 rats
226 creatures vanquished.

Vanquished Creatures (others)
  A fungus (Lair:1)
1 creature vanquished.

Grand Total: 227 creatures vanquished

Notes
Turn   | Place    | Note
-------+----------+-------------------------------------------
     0 | D:1      | backslashecho the Draconian Berserker began the quest for
                  | the Orb.
     0 | D:1      | Reached XP level 1. HP: 19/19 MP: 1/1
   326 | D:1      | Reached XP level 2. HP: 26/26 MP: 2/2
   554 | D:1      | Found a faded altar of an unknown god.
   587 | D:1      | Upgraded the game from 0.27-a0-1565-gad902ab807 to
                  | 0.28-a0-8-g6e044cfa68
  1114 | D:2      | Reached skill level 1 in Unarmed Combat
  1243 | D:2      | Found Uxomp's Distillery.
  1253 | D:2      | Bought a potion of degeneration for 12 gold pieces
  1292 | D:2      | Noticed Natasha
  1303 | D:2      | Killed Natasha
  1304 | D:2      | Reached XP level 3. HP: 32/33 MP: 3/3
  1315 | D:2      | Noticed Natasha
  1324 | D:2      | Killed Natasha
  1325 | D:2      | Reached XP level 4. HP: 11/40 MP: 4/4
  1563 | D:2      | Reached ** piety under Trog
  1629 | D:2      | Found Biodes Kown's Magic Scroll Boutique.
  1673 | D:2      | Found Xudoidob's General Store.
  2332 | D:2      | Noticed Natasha
  2342 | D:2      | Killed Natasha
  2343 | D:2      | Reached skill level 4 in Axes
  2433 | D:2      | Found Zolosk's Antique Armour Shoppe.
  2736 | D:3      | Noticed Terence
  2754 | D:3      | Reached XP level 5. HP: 28/47 MP: 5/5
  3041 | D:3      | Killed Terence
  3244 | D:3      | Found a shimmering blue altar of Sif Muna.
  3244 | D:3      | Noticed an ice beast
  3246 | D:3      | Found a hazy altar of Hepliaklqana.
  3256 | D:3      | Found a transporter.
  3263 | D:3      | Found a transporter.
  3425 | D:3      | Noticed a black bear
  3441 | D:3      | Killed a black bear
  3994 | D:3      | Reached XP level 6. HP: 55/55 MP: 6/6
  4001 | D:3      | Killed an ice beast
  4002 | D:3      | Reached skill level 5 in Fighting
  4002 | D:3      | Reached skill level 5 in Axes
  4087 | D:4      | Found Asegegei's Weapon Boutique.
  4219 | D:4      | Your scales start taking on a glossy black colour.
  4219 | D:4      | Reached XP level 7. HP: 61/61 MP: 7/7
  4219 | D:4      | Gained mutation: You are resistant to electric shocks.
                  | (rElec) [Black Draconian growth]
  4378 | D:4      | Reached skill level 6 in Axes
  4506 | D:4      | Noticed a steam dragon
  4543 | D:4      | Killed a steam dragon
  4911 | D:4      | Found an ancient bone altar of Kikubaaqudgha.
  4914 | D:4      | Found a snail-covered altar of Cheibriados.
  4917 | D:4      | Found a blossoming altar of Fedhas.
  4990 | D:4      | Found Ihessig's Weapon Emporium.
  5027 | D:4      | Bought a +0 war axe for 42 gold pieces
  5107 | D:2      | Bought a pair of runed boots for 217 gold pieces
  5268 | D:5      | Entered Level 5 of the Dungeon
  5289 | D:5      | Reached skill level 5 in Dodging
  5379 | D:5      | Reached XP level 8. HP: 30/70 MP: 8/8
  5755 | D:5      | Reached skill level 7 in Axes
  6357 | D:6      | Reached skill level 8 in Axes
  6634 | D:6      | Reached XP level 9. HP: 10/79 MP: 9/9
  6658 | D:6      | Reached skill level 9 in Axes
  7073 | D:6      | Found Ukhihish's General Store.
  7222 | D:6      | Reached *** piety under Trog
  8021 | D:7      | Found a staircase to the Ecumenical Temple.
  8220 | D:7      | Reached skill level 10 in Axes
  8454 | D:7      | Found a transporter.
  8497 | D:7      | Found a transporter.
  9601 | D:7      | Reached XP level 10. HP: 90/90 MP: 10/10
 11236 | D:8      | Found the ring of Shadows {Umbra +Inv Stlth+}
 11288 | D:8      | Reached **** piety under Trog
 12375 | D:9      | Found a staircase to the Lair.
 12464 | D:9      | Reached skill level 1 in Evocations
 12466 | D:9      | Reached skill level 11 in Axes
 13117 | D:9      | Reached skill level 1 in Stealth
 13274 | D:9      | Noticed a two-headed ogre
 13283 | D:9      | Killed a two-headed ogre
 13592 | D:9      | Found a broken altar of Ashenzari.
 13784 | D:10     | Entered Level 10 of the Dungeon
 13803 | Lair:1   | Entered Level 1 of the Lair of Beasts
 13821 | Lair:1   | Reached skill level 12 in Axes
 13841 | Lair:1   | Found a frozen archway.
 13845 | IceCv    | Entered an ice cave
 13959 | IceCv    | Reached XP level 11. HP: 71/97 MP: 11/11
 13966 | IceCv    | HP: 4/97 [polar bear (1)]
 13967 | IceCv    | Mangled by a polar bear

Illustrated notes

Levels and vault maps discovered:
D:1:      amcnicky_arrival_double_pillar, layout_basic,
          hellmonk_ecumenical_altar_leap_of_faith, nrook_mini_backslash
D:2:      layout_basic, serial_shops, nicolae_lakefront_shop, shop, shop_coins,
          shop, uniq_natasha
D:3:      layout_basic, gammafunk_temple_overflow_arena, uniq_terence
D:4:      layout_rooms, grunt_temple_overflow_diamond, serial_shops,
          nicolae_shop_statue_plus, kennysheep_mini_moat
D:5:      layout_rooms, enter_ossuary_4, minivault_24
D:6:      minmay_flawed_box, layout_loops_ring, serial_shops, shop
D:7:      gammafunk_cloud_chamber, layout_cave_pods,
          minmay_temple_entry_junction
D:8:      layout_basic
D:9:      layout_gridville, mainiacjoe_overflow_alcove_2,
          erik_lair_orcish_takeover, minmay_door_square, glass_columns_a
D:10:     layout_roguey, erik_orc_1, serial_shops, nicolae_shop_statue_plus,
          gammafunk_ghost_ooze, uniq_erica
Lair:1:   layout_hall_layers, portal_ice_cave_entry_pillars_2,
          grunt_megastairs_2
IceCv:    ice_cave_caverns_01

Skill      XL: |  1  2  3  4  5  6  7  8  9 10 |
---------------+-------------------------------+-----
Unarmed Combat | 1 |  1.0
Dodging        | 3 4 5 6 7 8 |  8.0
Fighting       | 4 5 6 7 8 9 |  9.0
Axes           | 4 5 6 8 10 12 | 12.2
Evocations     | 2 |  2.0
Stealth        | 3 |  3.2
Shields        | |  0.8

Action                   |  1- 3 |  4- 6 |  7- 9 | 10-12 || total
-------------------------+-------+-------+-------+-------++-------
Melee: Hand axe          |    70 |   125 |   490 |   165 ||   850
       Tailslap          |     5 |    17 |    80 |    52 ||   154
       Punch             |     1 |       |     4 |     3 ||     8
       War axe           |       |       |       |   123 ||   123
Invok: Berserk           |     1 |     6 |     5 |     5 ||    17
       Trog's Hand       |       |       |     6 |     1 ||     7
 Abil: Breathe Lightning |       |       |     3 |     1 ||     4
Evoke: Wand              |       |       |     1 |     1 ||     2
  Use: Potion            |     1 |       |     5 |       ||     6
       Scroll            |       |     3 |       |     3 ||     6
 Stab: Sleeping          |     1 |     1 |       |       ||     2
Armor: Skin              |    21 |    56 |   218 |   132 ||   427
Dodge: Dodged            |    48 |    99 |   396 |   227 ||   770
Block: Kite shield       |       |       |       |    13 ||    13

Table legend: (Time is in decaauts)
 A = Elapsed time spent in this place.
 B = Non-inter-level travel time spent in this place.
 C = Inter-level travel time spent in this place.
 D = Time resting spent in this place.
 E = Time spent auto-exploring this place.
 F = Levels seen in this place.
 G = Mean time per level.
                   A        B        C        D        E       F      G
               +--------+--------+--------+--------+--------+-----+--------+
         Total |  14052 |  12934 |   1118 |   4576 |   6001 |  12 | 1171.0 |
       Dungeon |  13876 |  12762 |   1114 |   4531 |   5960 |  10 | 1387.6 |
          Lair |     40 |     36 |      4 |      0 |      0 |   1 |   40.0 |
      Ice Cave |    135 |    135 |      0 |     45 |     41 |   1 |  135.0 |
               +--------+--------+--------+--------+--------+-----+--------+

Top non-repeatable levels by time:
     D:7: 2966 daAuts
     D:3: 1973 daAuts
     D:8: 1646 daAuts
     D:2: 1497 daAuts
     D:5: 1398 daAuts
     D:9: 1317 daAuts
     D:1: 1284 daAuts
     D:6: 1152 daAuts
     D:4: 634 daAuts
   IceCv: 135 daAuts
  Lair:1: 40 daAuts
    D:10: 4 daAuts
